 Dungeon Crawl Stone Soup version 0.22.1-1-ga44c0e56f4 (webtiles) character file.

117 AlolanVulpixel the Poker (level 5, -3/42 HPs)
             Began as a Merfolk Monk on Sept 19, 2018.
             Slain by Sigmund
             ... wielding a +0 scythe of venom
              (14 damage)
             ... on level 3 of the Dungeon.
             The game lasted 00:07:15 (2474 turns).

AlolanVulpixel the Poker (Merfolk Monk)             Turns: 2474, Time: 00:07:16

Health: -3/42      AC:  4    Str: 13    XL:     5   Next: 1%
Magic:  7/7        EV: 15    Int:  9    God:
Gold:   68         SH:  0    Dex: 16    Spells: 6/6 levels left

rFire    . . .     SeeInvis .   f - +1 short sword (holy)
rCold    . . .     Gourm    .   (no shield)
rNeg     . . .     Faith    .   b - +0 robe
rPois    .         Spirit   .   (no helmet)
rElec    .         Reflect  .   (no cloak)
rCorr    .         Harm     .   (no gloves)
MR       .....                  a - +1 pair of boots
Stlth    +.........             (no amulet)
HPRegen  0.14/turn              (no ring)
MPRegen  0.10/turn              (no ring)

@: confused, lethally poisoned (-3 -> -8)
A: change form in water, swift swim, stealthy swim, high mp 1, MP-powered wands
a: no special abilities


You were on level 3 of the Dungeon.
You were not hungry.

You visited 1 branch of the dungeon, and saw 3 of its levels.

You collected 68 gold pieces.

Inventory:

Hand Weapons
 f - a +1 short sword of holy wrath (weapon)
Armour
 a - a +1 pair of boots (worn)
 b - a +0 robe (worn)
Scrolls
 g - a scroll of magic mapping
 i - 3 scrolls of identify
Potions
 d - a potion of might {unknown}
Comestibles
 c - 2 rations


   Skills:
 + Level 3.8 Fighting
 * Level 3.3 Short Blades
   Level 4.8 Polearms
 + Level 4.7 Dodging
 - Level 2.3 Stealth
 * Level 1.3 Spellcasting


You had 6 spell levels left.
You didn't know any spells.
Your spell library was empty.

Dungeon Overview and Level Annotations

Branches:
Dungeon (3/15)

Altars:

Annotations:
D:2 Robin
D:3 Sigmund


Innate Abilities, Weirdness & Mutations

You revert to your normal form in water.
You are very nimble and swift while swimming.
You are very stealthy in the water. (Stealth+)
You have an increased reservoir of magic. (+10% MP)
You expend magic power (3 MP) to strengthen your wands.


Message History

You feel sick.
You hit Sigmund.
Sigmund is moderately wounded.
You feel sick. Sigmund closely misses you.
You hit Sigmund but do no damage.
Sigmund is moderately wounded.
You feel sick.
You hit Sigmund.
Sigmund is heavily wounded.
You feel sick. Sigmund closely misses you.
You hit Sigmund.
Sigmund is heavily wounded.
Sigmund gestures wildly while chanting.
Sigmund flickers and vanishes!
Deactivating autopickup; reactivate with Ctrl-A.
You hit something.
You feel sick.
You hear some strange, mumbled words.
You are confused.
You hit something.
You feel sick. Something hits you!
You die...

#.# #.# ### ... ..#
#.# #.# #.# ##.# ##.##
##..#
####.{.###########...#
+....@................
####...##.########...#
##.###.# #..## ### #.#
#.## #.# #.# #.# #.#
.#. #.# # # # #.# #
#.# #


There were no monsters in sight!

Vanquished Creatures
  3 adders (D:2)
  4 oozes
  2 worms (D:2)
  A dart slug (D:1)
  A leopard gecko (D:2)
  2 ball pythons
  4 bats
  2 giant cockroaches
  12 hobgoblins
  2 jackals (D:1)
  A quokka (D:3)
  3 frilled lizards (D:2)
  16 goblins
  3 kobolds
  2 rats (D:1)
58 creatures vanquished.

Notes
Turn   | Place    | Note
-------+----------+-------------------------------------------
     0 | D:1      | AlolanVulpixel the Merfolk Monk began the quest for the
                  | Orb.
     0 | D:1      | Reached XP level 1. HP: 18/18 MP: 1/1
   138 | D:1      | Reached XP level 2. HP: 24/24 MP: 2/2
   433 | D:1      | Reached skill level 1 in Short Blades
   433 | D:1      | Reached XP level 3. HP: 30/30 MP: 3/3
   623 | D:2      | Gained mutation: You have an increased reservoir of magic.
                  | (+10% MP) [potion of mutation]
   623 | D:2      | Gained mutation: You expend magic power (3 MP) to
                  | strengthen your wands. [potion of mutation]
   665 | D:2      | HP: 1/30 [poisoned by an adder]
  1387 | D:2      | Reached XP level 4. HP: 37/37 MP: 5/5
  1427 | D:2      | Reached skill level 1 in Spellcasting
  1562 | D:2      | Noticed Robin
  2433 | D:3      | Reached XP level 5. HP: 40/42 MP: 7/7
  2451 | D:3      | Noticed Sigmund
  2474 | D:3      | Slain by Sigmund

Skill      XL: |  1  2  3  4 |
---------------+-------------+-----
Short Blades   | 1 2 3 |  3.3
Spellcasting   | 1 |  1.3
Fighting       | |  3.8
Polearms       | |  4.8
Dodging        | |  4.7
Stealth        | |  2.3

Action                   |  1- 3 |  4- 6 || total
-------------------------+-------+-------++-------
Melee: Spear             |    18 |       ||    18
       Short sword       |    78 |   134 ||   212
  Use: Scroll            |     4 |     2 ||     6
       Potion            |     1 |       ||     1
 Stab: Sleeping          |     6 |     4 ||    10
       Distracted        |     1 |     1 ||     2
  Eat: Ration            |     2 |       ||     2
Armor: Robe              |    19 |    26 ||    45
Dodge: Dodged            |    53 |   112 ||   165
